 Dungeon Crawl Stone Soup version 0.25-a0-366-g516bc45ae0 (webtiles) character file.

Game seed: 881810515323206353, levelgen mode: deterministic

1018 mopl the Sneak (level 8, 0/52 HPs)
             Began as a Formicid Enchanter on Jan 6, 2020.
             Slain by a crimson imp (2 damage)
             ... on level 5 of the Dungeon.
             The game lasted 00:12:20 (6690 turns).

mopl the Sneak (Formicid Enchanter)                 Turns: 6690, Time: 00:12:20

Health: 0/52       AC:  2    Str: 13    XL:     8   Next: 45%
Magic:  0/15       EV: 12    Int: 17    God:
Gold:   206        SH:  4    Dex: 11    Spells: 5/17 levels left

rFire    . . .     SeeInvis +   a - +1 dagger (freeze)
rCold    + . .     Gourm    .   o - +0 buckler
rNeg     . . .     Faith    .   b - +0 robe
rPois    .         Spirit   +   (helmet unavailable)
rElec    .         Reflect  .   (no cloak)
rCorr    .         Harm     .   (no gloves)
MR       .....                  (no boots)
Stlth    +++.......             n - amulet of guardian spirit
HPRegen  0.17/turn              e - ring of protection from cold
MPRegen  0.14/turn              (no ring)

@: no status effects
A: permanent stasis, dig shafts and tunnels, four strong arms, antennae 3
a: Dig, Shaft Self


You were on level 5 of the Dungeon.
You were not hungry.

You visited 1 branch of the dungeon, and saw 5 of its levels.

You collected 206 gold pieces.

Inventory:

Hand Weapons
 a - a +1 dagger of freezing (weapon)
 x - a +0 rapier
Missiles
 r - 29 poisoned darts (quivered)
 v - 2 boomerangs
Armour
 b - a +0 robe (worn)
 o - a +0 buckler (worn)
Jewellery
 e - a ring of protection from cold (left hand)
 n - an amulet of guardian spirit (around neck)
Wands
 j - a wand of iceblast (4)
Scrolls
 d - 2 scrolls of magic mapping {unknown}
 g - a scroll of enchant weapon {unknown}
 h - a scroll of fear {unknown}
 l - a scroll of fog {unknown}
 m - 2 scrolls of teleportation {unknown}
 s - a scroll of enchant armour {unknown}
 u - a scroll of remove curse {unknown}
Potions
 f - a potion of agility
 i - a potion of cancellation
 k - 2 potions of curing
 q - 2 potions of might
 w - a potion of lignification {!q}
Comestibles
 c - 12 rations
 z - 3 chunks of flesh


   Skills:
 - Level 1.0 Short Blades
 - Level 1.7 Dodging
 + Level 7.3 Stealth
 - Level 2.6 Shields
 - Level 5.0 Spellcasting
 + Level 6.7 Hexes
 + Level 3.2 Ice Magic


You had 5 spell levels left.
You knew the following spells:

 Your Spells              Type           Power        Failure   Level  Hunger
a - Corona                Hex            ####...      1%          1    None
b - Ensorcelled Hibernat  Hex/Ice        ###...       2%          2    #......
c - Confuse               Hex            ####....     2%          3    ###....
d - Tukima's Dance        Hex            ####....     2%          3    ###....
g - Dazzling Flash        Conj/Hex       ###...       11%         3    ###....

Your spell library contained the following spells:

 Spells                   Type           Power        Failure   Level  Hunger


Dungeon Overview and Level Annotations

Branches:
Dungeon (5/15)
 Temple: D:4-7

Altars:
Gozag
Okawaru
The Shining One


Innate Abilities, Weirdness & Mutations

You cannot be hasted, slowed, berserked, paralysed or teleported.
You can dig through walls and to a lower floor.
Your four strong arms can wield two-handed weapons with a shield.
You have a pair of large antennae on your head. (SInv)


Message History

The crimson imp is heavily wounded.
The crimson imp closely misses you.
You closely miss the crimson imp.
The crimson imp is moderately wounded.
The crimson imp hits you but does no damage.
You closely miss the crimson imp.
The crimson imp is moderately wounded.
The crimson imp closely misses you.
You hit the crimson imp but do no damage.
The crimson imp is moderately wounded.
The crimson imp hits you.
* * * LOW HITPOINT WARNING * * *
You closely miss the crimson imp.
The crimson imp is lightly wounded.
The crimson imp blinks!
The crimson imp blinks!
You closely miss the crimson imp. The crimson imp hits you.
* * * LOW HITPOINT WARNING * * *
The crimson imp hits you.
You die...

... #.# #. #.# .### #.# ##### #
... ### ##.# ...... #. #.# ##.#
####..#########
#.##.####.####.......###
#.......##.#....###....###
#a..a...#.5@...#.#.#.....#
#.......#.##...##.##.#.#.###
#............#.#####.#.#....
%..........!..)...# #.#.#)...
>###.......#.####.......#.#....
#.......#.# #.##.####.#....
#.##.#.##.# #.# # #.....# #.
#.#.##.# #.# { ...#... #
#.#.##.# ... ........


You could see a crimson imp.

Vanquished Creatures
  A water moccasin (D:5)
  An ogre (D:4)
  A phantom (D:5)
  A centaur (D:5)
  A centaur skeleton (D:4)
  A hound (D:4)
  2 orc priests (D:5)
  A gnoll shaman (D:5)
  An iguana (D:4)
  5 orc wizards
  3 worker ants (D:5)
  4 adders
  6 gnolls
  An ooze (D:3)
  3 worms
  3 dart slugs
  2 leopard geckos (D:2)
  21 orcs
  7 bats
  5 giant cockroaches
  15 goblins
  14 hobgoblins
  7 jackals
  5 kobolds
  A quokka (D:4)
  5 frilled lizards
  2 leopard gecko skeletons (D:4)
  9 rats
128 creatures vanquished.

Vanquished Creatures (collateral kills)
  An ogre (D:4)
  A gnoll (D:4)
2 creatures vanquished.

Vanquished Creatures (others)
  A dancing weapon (D:4)
1 creature vanquished.

Grand Total: 131 creatures vanquished

Notes
Turn   | Place    | Note
-------+----------+-------------------------------------------
     0 | D:1      | mopl the Formicid Enchanter began the quest for the Orb.
     0 | D:1      | Reached XP level 1. HP: 13/13 MP: 3/3
    45 | D:1      | Reached XP level 2. HP: 7/19 MP: 3/5
    72 | D:1      | Learned a level 2 spell: Ensorcelled Hibernation
   256 | D:1      | Reached skill level 4 in Stealth
   421 | D:1      | Reached skill level 4 in Hexes
   715 | D:1      | Reached XP level 3. HP: 16/24 MP: 3/6
  1612 | D:2      | Reached skill level 1 in Ice Magic
  1612 | D:2      | Reached XP level 4. HP: 30/30 MP: 1/8
  1677 | D:2      | Learned a level 3 spell: Confuse
  1989 | D:2      | Reached skill level 3 in Spellcasting
  2228 | D:2      | Found an iron altar of Okawaru.
  2288 | D:2      | Found an opulent altar of Gozag.
  2476 | D:3      | Reached XP level 5. HP: 35/35 MP: 2/9
  2481 | D:3      | Learned a level 3 spell: Tukima's Dance
  3276 | D:4      | Noticed an ogre
  3394 | D:3      | Reached skill level 1 in Shields
  3605 | D:4      | Reached skill level 5 in Stealth
  3629 | D:4      | Reached skill level 2 in Ice Magic
  3629 | D:4      | Reached XP level 6. HP: 28/41 MP: 1/11
  3656 | D:4      | Reached skill level 5 in Hexes
  3916 | D:4      | Noticed an ogre
  3924 | D:4      | Killed an ogre
  3924 | D:4      | Reached skill level 2 in Shields
  4605 | D:4      | Killed an ogre
  4605 | D:4      | Reached XP level 7. HP: 21/46 MP: 3/12
  4983 | D:4      | Reached skill level 4 in Spellcasting
  5012 | D:4      | Found a glowing golden altar of the Shining One.
  5037 | D:4      | Learned a level 3 spell: Dazzling Flash
  5212 | D:5      | Entered Level 5 of the Dungeon
  5230 | D:5      | Reached skill level 6 in Stealth
  5230 | D:5      | Reached skill level 3 in Ice Magic
  5660 | D:5      | Reached skill level 6 in Hexes
  5667 | D:5      | Reached XP level 8. HP: 52/52 MP: 9/14
  6391 | D:5      | Reached skill level 7 in Stealth
  6391 | D:5      | Reached skill level 5 in Spellcasting
  6567 | D:5      | HP: 2/52 [worker ant (7)]
  6689 | D:5      | HP: 2/52 [crimson imp (2)]
  6690 | D:5      | Slain by a crimson imp

Levels and vault maps discovered:
D:1:      lightli_arrival_lavapool, layout_loops_cross
D:2:      cheibrodos_greedy_goblins, layout_basic, old_standard_altar,
          okawaru_trees_2
D:3:      layout_basic
D:4:      layout_rooms, tso_oasis_becter, solitary_fountain
D:5:      layout_loops_ring, kennysheep_mini, first_ration, uniq_edmund,
          uniq_eustachio

Skill      XL: |  1  2  3  4  5  6  7  8 |
---------------+-------------------------+-----
Stealth        | 4 5 6 7 |  7.3
Hexes          | 4 5 6 |  6.7
Ice Magic      | 1 2 3 |  3.2
Spellcasting   | 3 4 5 |  5.0
Shields        | 1 2 |  2.6
Short Blades   | |  1.0
Dodging        | |  1.7

Action                   |  1- 3 |  4- 6 |  7- 9 || total
-------------------------+-------+-------+-------++-------
Melee: Dagger            |   105 |   215 |   247 ||   567
       Unarmed           |       |    17 |    10 ||    27
Throw: Dart              |       |       |     2 ||     2
 Cast: Corona            |    13 |       |       ||    13
       Ensorcelled Hiber |    10 |    29 |    26 ||    65
       Tukima's Dance    |       |     3 |     1 ||     4
       Confuse           |       |     3 |    14 ||    17
 Abil: Dig               |       |     1 |     3 ||     4
  Use: Scroll            |     2 |     3 |     1 ||     6
       Potion            |       |     1 |     3 ||     4
 Stab: Sleeping          |    16 |    22 |    13 ||    51
       Confused          |       |     1 |     3 ||     4
       Distracted        |       |       |     3 ||     3
  Eat: Chunk             |     3 |    10 |     5 ||    18
       Ration            |       |     1 |     1 ||     2
Armor: Robe              |    20 |    25 |    16 ||    61
       Skin              |       |    13 |     8 ||    21
Dodge: Dodged            |    65 |    93 |    89 ||   247
Block: Buckler           |       |    29 |    31 ||    60

Table legend:
 A = Non-vault XP
 B = Vault XP
 C = Vault XP percentage of total XP
 D = Non-vault monster count
 E = Vault monster count
 F = Vault count percentage of total count
                 A         B        C        D         E       F
            +---------+---------+-------+---------+---------+-------
      Total |    1429 |      26 |   1.8 |     116 |      14 |  10.8
            +---------+---------+-------+---------+---------+-------
        D:1 |      46 |       0 |   0.0 |      25 |       0 |   0.0
        D:2 |      66 |      26 |  28.3 |      23 |      14 |  37.8
        D:3 |      78 |       0 |   0.0 |      15 |       0 |   0.0
        D:4 |     468 |       0 |   0.0 |      25 |       0 |   0.0
        D:5 |     771 |       0 |   0.0 |      28 |       0 |   0.0
            +---------+---------+-------+---------+---------+-------
